 Dungeon Crawl Stone Soup version 0.23.0 (webtiles) character file.

Game seed: 13000800482131042801

437826 tv1990 the Executioner (level 25, -11/192 HPs)
             Began as a Formicid Monk on Feb 10, 2019.
             Was the Champion of Okawaru.
             Killed from afar by a shadow dragon (12 damage)
             ... with an exploding inner flame
             ... hexed by the player character
             ... on level 5 of the Vaults on Feb 11, 2019.
             The game lasted 03:17:54 (47014 turns).

tv1990 the Executioner (Formicid Monk)             Turns: 47014, Time: 03:17:55

Health: -11/192    AC: 33    Str: 28    XL:     25   Next: 22%
Magic:  27/27      EV: 22    Int: 12    God:    Okawaru [******]
Gold:   2080       SH: 25    Dex: 16    Spells: 24/24 levels left

rFire    + + .     SeeInvis +   o - +9 executioner's axe of Abomination {freeze, rElec rPois rC+}
rCold    + + +     Gourm    .   S - +4 shield of Edasan {-Tele rF+++ rN++}
rNeg     + + +     Faith    .   i - +3 ice dragon scales
rPois    +         Spirit   .   (helmet unavailable)
rElec    +         Reflect  +   t - +2 cloak {rPois}
rCorr    .         Harm     .   a - +2 pair of gloves {Dex+3}
MR       ++...                  U - +2 pair of boots {run}
Stlth    ++........             z - +4 amulet of reflection
HPRegen  0.42/turn              y - ring "Ehureov" {rN+ Str+4}
MPRegen  0.20/turn              b - +3 ring of protection

@: heroism, quick
A: permanent stasis, dig shafts and tunnels, four strong arms, antennae 3,
clumsy 1, low mp 1
}: 2/15 runes: decaying, serpentine
a: Dig, Shaft Self, Heroism, Finesse, Renounce Religion


You were on level 5 of the Vaults.
You worshipped Okawaru.
Okawaru was exalted by your worship.
You were not hungry.

You visited 7 branches of the dungeon, and saw 37 of its levels.
You also visited: Ice Cave.

You collected 3788 gold pieces.
You spent 1708 gold pieces at shops.

Inventory:

Hand Weapons
 n - a +6 vampiric battleaxe
 o - the +9 executioner's axe of Abomination (weapon) {freeze, rElec rPois rC+}
   (Okawaru gifted it to you on level 1 of the Swamp)

   It has been specially enchanted to freeze those struck by it, causing extra
   injury to most foes and up to half again as much damage against particularly
   susceptible opponents.
   It can also slow down cold-blooded creatures.
   It protects you from cold.
   It insulates you from electricity.
   It protects you from poison.
 X - the +2 arbalest "Roofy" {elec, +Inv}
   (Okawaru gifted it to you on level 3 of the Swamp)

   It charges the ammunition it shoots with electricity; occasionally upon a
   hit, such missiles may discharge and cause terrible harm.
   It lets you turn invisible.
 Y - a +0 hand crossbow
Missiles
 e - 2116 bolts
Armour
 a - a +2 pair of gloves of dexterity (worn)
 i - +3 ice dragon scales (worn)
 j - a +3 plate armour of fire resistance
 m - a scarf of resistance
 t - a +2 cloak of poison resistance (worn)
 L - +0 fire dragon scales
 M - the +3 shield of Vlad {*Contam MR+++ rCorr Dex-4}
   (Okawaru gifted it to you on level 14 of the Dungeon)

   It affects your dexterity (-4).
   It affects your resistance to hostile enchantments.
   It causes magical contamination when unequipped.
   It provides partial protection from all sources of acid and corrosion.
 S - the +4 shield of Edasan (worn) {-Tele rF+++ rN++}
   (You took it off Asterion on level 3 of the Snake Pit)

   It renders you almost immune to fire.
   It greatly protects you from negative energy.
   It prevents most forms of teleportation.
 U - a +2 pair of boots of running (worn)
Jewellery
 b - a +3 ring of protection (right hand)
 r - an uncursed ring of flight
 u - an uncursed amulet of guardian spirit
 x - an uncursed ring of protection from cold
 y - the ring "Ehureov" (left hand) {rN+ Str+4}
   (You acquired it on level 7 of the Dungeon)

   [ring of positive energy]

   It affects your strength (+4).
   It protects you from negative energy.
 z - a +4 amulet of reflection (around neck)
Wands
 f - a wand of digging (4)
 s - a wand of disintegration (60)
 D - a wand of iceblast (18)
 F - a wand of paralysis (18)
 I - a wand of clouds (6)
 J - a wand of scattershot (11)
Scrolls
 g - 2 scrolls of fog
 p - 7 scrolls of identify
 w - 7 scrolls of amnesia
 A - 6 scrolls of immolation
 C - 7 scrolls of enchant armour
 E - a scroll of holy word
 G - 2 scrolls of silence
 T - 8 scrolls of remove curse
 W - a scroll of summoning
Potions
 d - 3 potions of agility
 l - 2 potions of might
 q - 3 potions of invisibility
 v - 5 potions of lignification
 B - 2 potions of cancellation
 H - 6 potions of curing
 K - 3 potions of brilliance
 N - a potion of flight
 O - 4 potions of ambrosia
 P - a potion of mutation
 R - 4 potions of heal wounds
Comestibles
 c - 38 rations


   Skills:
 + Level 14.5(19.5) Fighting
 - Level 26.0(27) Axes
 - Level 9.1(14.1) Crossbows
 + Level 13.3(18.3) Armour
 + Level 11.7(16.7) Dodging
 - Level 2.4(7.4) Stealth
 - Level 15.0(20.0) Shields
 - Level 10.0 Invocations


You had 24 spell levels left.
You didn't know any spells.
Your spell library contained the following spells:

 Spells                   Type           Power        Failure   Level  Hunger
 Animate Skeleton         Necr           N/A          52%         1    ##.....
 Beastly Appendage        Tmut           #.....       52%         1    ##.....
 Infusion                 Chrm           #...         52%         1    ##.....
 Magic Dart               Conj           #...         52%         1    ##.....
 Pain                     Necr           #...         52%         1    ##.....
 Sandblast                Erth           #.....       52%         1    ##.....
 Shock                    Conj/Air       #...         52%         1    ##.....
 Summon Butterflies       Summ           #.......     52%         1    ##.....
 Call Imp                 Summ           #.......     65%         2    ###....
 Passwall                 Tmut/Erth      #.......     65%         2    ###....
 Searing Ray              Conj           #.....       65%         2    ###....
 Shroud of Golubria       Chrm/Tloc      #.........   65%         2    ###....
 Slow                     Hex            #.......     65%         2    ###....
 Song of Slaying          Chrm           #.......     65%         2    ###....
 Sticks to Snakes         Tmut           #.......     65%         2    ###....
 Swiftness                Chrm/Air       #.......     65%         2    ###....
 Call Canine Familiar     Summ           #.......     87%         3    ####...
 Conjure Flame            Conj/Fire      #.......     87%         3    ####...
 Dazzling Spray           Conj/Hex       #.....       87%         3    ####...
 Mephitic Cloud           Conj/Pois/Air  #.......     87%         3    ####...
 Regeneration             Chrm/Necr      #.........   87%         3    ####...
 Spectral Weapon          Hex/Chrm       #.......     87%         3    ####...
 Spider Form              Tmut/Pois      #.........   87%         3    ####...
 Static Discharge         Conj/Air       #.......     87%         3    ####...
 Stone Arrow              Conj/Erth      #.....       87%         3    ####...
 Vampiric Draining        Necr           #.........   87%         3    ####...
 Airstrike                Air            #.........   99%         4    #####..
 Animate Dead             Necr           N/A          99%         4    #####..
 Cause Fear               Hex            #.........   99%         4    #####..
 Force Lance              Conj/Tloc      #.......     99%         4    #####..
 Fulminant Prism          Conj/Hex       #.........   99%         4    #####..
 Ice Form                 Ice/Tmut       #.......     99%         4    #####..
 Iskenderun's Mystic Bla  Conj           #.......     99%         4    #####..
 Petrify                  Tmut/Erth      #.......     99%         4    #####..
 Summon Ice Beast         Ice/Summ       #.......     99%         4    #####..
 Blade Hands              Tmut           #.........   100%        5    ######.
 Lee's Rapid Deconstruct  Erth           #.........   100%        5    ######.
 Lightning Bolt           Conj/Air       #.........   100%        5    ######.
 Silence                  Hex/Air        #.........   100%        5    ######.
 Summon Mana Viper        Hex/Summ       #.......     100%        5    ######.
 Yara's Violent Unravell  Hex/Tmut       #.........   100%        5    ######.
 Deflect Missiles         Chrm/Air       #.........   100%        6    #######
 Summon Hydra             Summ           #.........   100%        7    #######
 Discord                  Hex            #.........   100%        8    #######
 Blink                    Tloc           Unusable     N/A         2    N/A

Dungeon Overview and Level Annotations

Branches:
Dungeon (15/15)            Temple (1/1) D:5            Lair (6/6) D:11
  Swamp (4/4) Lair:4        Snake (4/4) Lair:4        Slime (0/5) Lair:5
    Orc (2/2) D:11            Elf (0/3) Orc:2        Vaults (5/5) D:14
  Crypt (0/3) Vaults:2     Depths (0/5) D:15

Altars:
Ashenzari
Cheibriados
Dithmenos
Elyvilon
Fedhas
Gozag
Hepliaklqana
Kikubaaqudgha
Makhleb
Nemelex Xobeh
Okawaru
Qazlal
Ru
Sif Muna
Trog
Uskayaw
Vehumet
Wu Jian
Xom
Yredelemnul
Zin
The Shining One

Shops:
D:11 (   D:13 *   D:14 :   Orc:2 ([}[   Snake:3 }}=   Vaults:3 (   Vaults:4 (

Annotations:
D:2 1 runed translucent door, Crazy Yiuf
D:5 3 runed translucent doors, coffeespoons's ghost, novice GrBe


Innate Abilities, Weirdness & Mutations

You cannot be hasted, slowed, berserked, paralysed or teleported.
You can dig through walls and to a lower floor.
Your four strong arms can wield two-handed weapons with a shield.
You have a pair of large antennae on your head. (SInv)
You are clumsy. (Dex -2)
Your magical capacity is low. (-10% MP)


Message History

The fiery explosion engulfs the stone giant!!
Okawaru accepts your kill.
The hell rat disappears in a puff of smoke!
The demonic crawler disappears in a puff of smoke!
Okawaru accepts your kill.
The fiery explosion engulfs the stone giant!
Okawaru accepts your kill.
The fiery explosion engulfs the shadow dragon!!!
The shadow dragon explodes!
The fiery explosion engulfs the ettin!!
The ettin explodes!
The fiery explosion engulfs the wraith!!
You destroy the wraith!
The fiery explosion engulfs the fire giant!
The fire giant resists.
The fiery explosion engulfs you! You resist.
* * * LOW HITPOINT WARNING * * *
The fiery explosion engulfs the stone giant!!
Okawaru accepts your kill. The fiery explosion engulfs you! You resist.
You die...

## #....#...#.
$..#.%%%#.../
##c#....#.L.
..........DT
##..%..[..#####
.....C§§C§..%%%
%...§§§C§§.....
%...§§§@§§§....
....§§§§§C§...%
##%.%§§§§§#####
.....§§§§§%.
..%#%..§#H.(.
.. #.G..#..%...
. #....#....H.
#....#..(...


You could see a titan (inner flame), an ancient lich, a fire giant (inner
flame), a quicksilver dragon (inner flame), 2 stone giants, a yaktaur captain, 2
harpies and a floating eye shaped shifter.

Vanquished Creatures
  the Lernaean hydra (Swamp:4)
  Vashnia (Snake:3)
  Nikola (Vaults:2)
  Rupert (Lair:5)
  A lich (Vaults:3)
  Asterion (Snake:3)
  A sphinx (Vaults:1)
  14 nagarajas
  2 thorn hunters (Swamp:1)
  Roxanne (Snake:2)
  A fire giant (Vaults:4)
  11 vault wardens
  Louise (Snake:3)
  The ghost of HungrySpirit the Brawler, a journeyman TrMo of Cheibriados (Snake:1)
  10 ironheart preservers
  2 entropy weavers
  7 stone giants
  5 very ugly things
  The ghost of KCGemini the Ripper, a journeyman FeBe of Trog (Swamp:1)
  2 deep elf annihilators
  4 ettins
  3 deep elf death magi
  2 fire dragons (Lair:6)
  The ghost of Mosut the Severer, a journeyman HOWn of the Shining One (Lair:3)
  6 yaktaur captains
  A rakshasa (Vaults:2)
  37 vault guards
  2 ice dragons (Vaults:3)
  26 hydras
  A great orb of eyes (Vaults:1)
  A ghost crab (Swamp:1)
  13 naga warriors
  6 shambling mangroves
  8 anacondas
  14 centaur warriors
  7 death knights
  2 dancing weapons (D:14)
  31 two-headed ogres
  3 death yaks (Lair:3)
  A merfolk avatar (Swamp:4)
  A tengu warrior (D:15)
  21 alligators
  A deep troll earth mage (Vaults:3)
  5 ogre magi
  Sonja (D:13)
  15 naga sharpshooters
  4 shock serpents
  7 skeletal warriors
  6 deep elf knights
  3 salamander mystics (Snake:4)
  A shadow wraith (Vaults:4)
  2 glowing orange brains
  A spriggan druid (Swamp:4)
  A flayed ghost (Vaults:1)
  3 deep trolls (Vaults:3)
  5 unseen horrors
  2 wizards (Vaults:3)
  14 swamp dragons
  9 naga ritualists
  4 deep elf archers
  5 lindwurms
  2 harpies
  3 phantasmal warriors
  12 ironbrand convokers
  7 orc knights
  A wolf spider zombie (D:15)
  2 necromancers
  A harpy (shapeshifter) (Vaults:3)
  9 wolf spiders
  12 mana vipers
  13 deep elf magi
  8 cyclopes
  34 slime creatures
  10 elephants
  A manticore (D:14)
  31 ugly things
  6 salamanders
  19 vault sentinels
  2 fire giant skeletons (Vaults:4)
  33 black mambas
  2 ice statues (IceCv)
  7 guardian serpents
  2 guardian serpents (shapeshifter)
  A spiny frog (shapeshifter) (Vaults:1)
  5 torpor snails (Lair:6)
  10 naga magi
  4 centaur skeletons
  19 spiny frogs
  7 rime drakes
  A yaktaur (shapeshifter) (Vaults:3)
  A human zombie (Vaults:4)
  A rime drake (shapeshifter) (Vaults:4)
  A kobold demonologist (D:13)
  10 freezing wraiths
  10 ice devils (IceCv)
  10 komodo dragons
  41 yaktaurs
  3 polar bears
  2 queen bees (shapeshifter)
  11 tyrant leeches
  A polar bear (shapeshifter) (Vaults:1)
  2 tengu conjurers (D:15)
  26 hornets
  6 trolls
  Prince Ribbit (D:7)
  10 bog bodies
  9 blink frogs
  An ettin zombie (Vaults:4)
  11 hippogriffs
  3 wyverns
  A tarantella (Vaults:2)
  6 redbacks
  Sigmund (D:2)
  3 shadows
  4 spriggans
  6 wraiths
  A tarantella (shapeshifter) (Vaults:2)
  49 yaks
  5 basilisks
  3 hungry ghosts
  A golden eye (shapeshifter) (Vaults:4)
  A basilisk (shapeshifter) (Vaults:1)
  A steam dragon (Lair:6)
  Menkaure (D:7)
  25 vampire mosquitoes
  14 swamp worms
  13 insubstantial wisps
  56 nagas
  A soldier ant (shapeshifter) (Vaults:3)
  13 water moccasins
  4 wargs (Orc:1)
  2 acid dragons (Lair:6)
  6 porcupines
  A soldier ant (D:15)
  43 orc warriors
  Duvessa (D:6)
  14 swamp drakes
  A meliai simulacrum (D:14)
  9 sky beasts
  2 eyes of draining
  11 ice beasts
  4 phantoms
  10 ogres
  An ice beast (shapeshifter) (Vaults:2)
  4 boggarts
  A black bear (D:11)
  5 wolves (Orc:1)
  42 centaurs
  An elf skeleton (Vaults:4)
  15 crocodiles
  3 big kobolds
  12 bullfrogs
  A bullfrog (shapeshifter) (Vaults:3)
  2 wyvern skeletons
  A hornet simulacrum (Vaults:1)
  Dowan (D:6)
  2 scorpions
  5 howler monkeys
  6 bullfrog zombies
  11 crimson imps
  6 jellies
  2 draconian simulacra (IceCv)
  4 centaur zombies
  2 human simulacra
  5 hounds
  9 orc priests
  2 bullfrog skeletons
  18 orc wizards
  6 iguanas
  A spriggan simulacrum (IceCv)
  3 troll simulacra (IceCv)
  12 worker ants
  A killer bee zombie (D:9)
  4 hound zombies
  4 hound skeletons
  A worker ant zombie (D:6)
  Robin (D:2)
  8 gnolls
  A howler monkey skeleton (D:11)
  13 adders
  4 naga simulacra (IceCv)
  A shadow imp (D:14)
  2 adder skeletons
  5 worms
  2 dart slugs
  8 leopard geckos
  95 orcs
  11 bats
  4 giant cockroaches (D:1)
  16 goblins
  11 hobgoblins
  12 jackals
  6 quokkas
  3 ball pythons
  8 frilled lizards
  A jackal skeleton (D:6)
  A jackal zombie (D:7)
  24 kobolds
  8 rats
  5 briar patches (Swamp:1)
  2 fungi
  7 plants
1534 creatures vanquished.

Vanquished Creatures (others)
  A deep elf knight (Vaults:1)
  2 skeletal warriors (Vaults:2)
  A deep elf archer (Vaults:4)
  An unseen horror (D:13)
  A wizard (Vaults:3)
  5 yaktaurs
  A tyrant leech (Swamp:1)
  5 dream sheep (D:14)
  A swamp worm (Swamp:4)
  4 fungi
  14 plants
  2 withered plants (Lair:3)
38 creatures vanquished.

Grand Total: 1572 creatures vanquished

Notes
Turn   | Place    | Note
-------+----------+-------------------------------------------
     0 | D:1      | tv1990 the Formicid Monk began the quest for the Orb.
     0 | D:1      | Reached XP level 1. HP: 18/18 MP: 1/1
    98 | D:1      | Reached XP level 2. HP: 21/24 MP: 2/2
   243 | D:1      | Reached skill level 1 in Armour
   323 | D:1      | Reached XP level 3. HP: 21/29 MP: 3/3
  1311 | D:2      | Reached XP level 4. HP: 25/37 MP: 4/4
  1579 | D:2      | Reached skill level 4 in Axes
  1600 | D:2      | Noticed Sigmund
  1659 | D:2      | You are sucked into a shaft!
  2270 | D:2      | Killed Sigmund
  2270 | D:2      | Reached skill level 5 in Axes
  2270 | D:2      | Reached XP level 5. HP: 27/43 MP: 5/5
  2270 | D:2      | Reached XP level 6. HP: 31/49 MP: 6/6
  2678 | D:2      | Identified the cursed +0 helmet of Minor Irritation {rC+
                  | MR- Str+3 SInv}
  2678 | D:2      | Noticed Robin
  2742 | D:2      | Killed Robin
  2956 | D:2      | Found a shattered altar of Ashenzari.
  2959 | D:2      | Found a stormy altar of Qazlal.
  2959 | D:2      | Found a hide-covered altar of Uskayaw.
  2959 | D:2      | Found a hazy altar of Hepliaklqana.
  2986 | D:2      | Found a glowing silver altar of Zin.
  3060 | D:2      | Found a runed translucent door.
  3061 | D:2      | Noticed Crazy Yiuf
  3562 | D:3      | Noticed a phantom
  4545 | D:3      | Reached XP level 7. HP: 53/55 MP: 7/7
  4582 | D:3      | Reached skill level 5 in Fighting
  4614 | D:3      | Found a sparkling altar of Nemelex Xobeh.
  4823 | D:4      | Reached skill level 6 in Axes
  4843 | D:4      | Got an ichor-stained leather armour
  4979 | D:3      | Identified the +2 leather armour of Democracy {rElec rF-
                  | rC+ MR++} (You found it on level 4 of the Dungeon)
  5061 | D:3      | You fall through a shaft for 3 floors!
  5108 | D:6      | Reached XP level 8. HP: 15/63 MP: 8/8
  5477 | D:5      | Entered Level 5 of the Dungeon
  5514 | D:5      | Reached skill level 7 in Axes
  5734 | D:5      | Reached skill level 5 in Armour
  5756 | D:5      | Found a runed translucent gate.
  5756 | D:5      | Found a runed translucent gate.
  5756 | D:5      | Found a runed translucent gate.
  6191 | D:5      | Noticed coffeespoons's ghost (novice GrBe)
  6480 | D:4      | Reached skill level 8 in Axes
  6480 | D:4      | Reached XP level 9. HP: 56/71 MP: 9/9
  7422 | D:5      | Found an opulent altar of Gozag.
  7477 | D:5      | Found a sparkling altar of Nemelex Xobeh.
  7547 | D:5      | Found an ornate altar of the Wu Jian Council.
  7799 | D:5      | Found a staircase to the Ecumenical Temple.
  7811 | Temple   | Entered the Ecumenical Temple
  7833 | Temple   | Became a worshipper of Warmaster Okawaru
  7833 | Temple   | Reached * piety under Okawaru
  7833 | Temple   | Reached ** piety under Okawaru
  7865 | D:5      | Found a shimmering altar of Xom.
  7961 | D:6      | Found a basalt altar of Yredelemnul.
  8003 | D:6      | Reached skill level 1 in Invocations
  8076 | D:6      | Noticed Dowan
  8102 | D:6      | Killed Dowan
  8105 | D:6      | You fall through a shaft for 3 floors!
  8165 | D:9      | Noticed a two-headed ogre
  8169 | D:10     | Entered Level 10 of the Dungeon
  8175 | D:10     | Reached skill level 5 in Invocations
  8628 | D:7      | Noticed a hippogriff
  8664 | D:7      | Found a radiant altar of Vehumet.
  8681 | D:7      | Identified the cursed +1 mace of Untimely Demise {freeze,
                  | rPois rC- Dex+4 SInv}
  8713 | D:7      | Found an ornate altar of the Wu Jian Council.
  8732 | D:7      | Noticed Menkaure
  8775 | D:7      | Noticed Prince Ribbit
  8920 | D:6      | Reached skill level 9 in Axes
  8930 | D:6      | Reached XP level 10. HP: 67/79 MP: 14/14
  9063 | D:6      | Noticed Duvessa
  9085 | D:6      | Killed Duvessa
  9486 | D:7      | You fall through a shaft!
  9494 | D:7      | Identified a scroll of acquirement
  9495 | D:7      | Got a steaming tin ring
  9497 | D:7      | Identified the ring "Ehureov" {rN+ Str+4} (You acquired it
                  | on level 7 of the Dungeon)
  9568 | D:7      | Killed Menkaure
  9867 | D:7      | Reached *** piety under Okawaru
 10263 | D:7      | Killed Prince Ribbit
 10994 | D:8      | Reached skill level 10 in Axes
 11129 | D:8      | Noticed a two-headed ogre
 11242 | D:8      | Reached skill level 1 in Shields
 11419 | D:9      | Noticed a two-headed ogre
 11433 | D:9      | Killed a two-headed ogre
 11433 | D:9      | Reached **** piety under Okawaru
 11575 | D:9      | Noticed a two-headed ogre
 11589 | D:9      | Killed a two-headed ogre
 11589 | D:9      | Reached XP level 11. HP: 46/87 MP: 15/15
 11851 | D:9      | Killed a two-headed ogre
 11851 | D:9      | Reached ***** piety under Okawaru
 11851 | D:9      | Reached skill level 11 in Axes
 12468 | D:8      | Killed a two-headed ogre
 13732 | D:10     | Got a faintly glowing ring mail
 13743 | D:10     | Identified the cursed +0 ring mail of Weirdness {rN+ Dex+5
                  | Stlth+} (You found it on level 10 of the Dungeon)
 13888 | D:11     | Noticed a green ugly thing
 13903 | D:11     | Killed a green ugly thing
 13917 | D:11     | Found a staircase to the Orcish Mines.
 13919 | D:11     | Found Tuoshro's Weapon Emporium.
 14136 | D:11     | Reached skill level 12 in Axes
 14175 | D:11     | Noticed an unseen horror
 14178 | D:11     | Found a staircase to the Lair.
 14183 | D:11     | Killed an unseen horror
 14183 | D:11     | Received a gift from Okawaru
 14212 | D:11     | Reached XP level 12. HP: 57/97 MP: 17/17
 14543 | D:11     | Noticed an unseen horror
 14563 | D:11     | Killed an unseen horror
 14914 | Lair:1   | Entered Level 1 of the Lair of Beasts
 15033 | D:11     | Reached skill level 5 in Shields
 16270 | Lair:2   | Noticed a six-headed hydra
 16282 | Lair:1   | Killed a six-headed hydra
 16282 | Lair:1   | Received a gift from Okawaru
 16625 | Lair:2   | Noticed a six-headed hydra
 16647 | Lair:2   | Killed a six-headed hydra
 17100 | Lair:2   | Reached skill level 10 in Invocations
 17506 | Lair:3   | Noticed an eight-headed hydra
 17523 | Lair:3   | Killed an eight-headed hydra
 17523 | Lair:3   | Reached XP level 13. HP: 58/103 MP: 18/20
 17717 | Lair:3   | Reached skill level 13 in Axes
 17779 | Lair:3   | Found a frozen archway.
 17833 | IceCv    | Entered an ice cave
 18580 | IceCv    | Reached skill level 14 in Axes
 19049 | IceCv    | Found the +3 robe of Folly {Archmagi, MR-- Int+5}
 19062 | IceCv    | Received a gift from Okawaru
 19436 | Lair:3   | Found a runed translucent door.
 19436 | Lair:3   | Noticed Mosut's ghost (journeyman HOWn)
 19756 | Lair:3   | Reached skill level 10 in Shields
 20038 | Lair:3   | Killed Mosut's ghost
 20107 | Lair:4   | Found a staircase to the Snake Pit.
 20481 | Lair:4   | Noticed a four-headed hydra
 20492 | Lair:4   | Killed a five-headed hydra
 20492 | Lair:4   | Reached XP level 14. HP: 84/109 MP: 18/21
 20551 | Lair:4   | Found a staircase to the Swamp.
 20697 | Lair:4   | Got a heavily runed leather armour
 20708 | Lair:4   | Identified the +3 leather armour of Jizen {-Cast rElec
                  | Str+2 Stlth+} (You found it on level 4 of the Lair of
                  | Beasts)
 21138 | Lair:5   | Noticed Rupert
 21181 | Lair:5   | Killed Rupert
 21181 | Lair:5   | Reached skill level 15 in Axes
 21192 | Lair:5   | Received a gift from Okawaru
 21354 | Lair:5   | Reached ****** piety under Okawaru
 21426 | Lair:5   | Found a staircase to the Slime Pits.
 21644 | Lair:5   | You fall through a shaft!
 21644 | Lair:6   | Entered Level 6 of the Lair of Beasts
 22855 | Lair:6   | Reached XP level 15. HP: 77/115 MP: 22/22
 22966 | Lair:6   | Found a runed translucent door.
 23020 | Lair:6   | Reached skill level 15 in Shields
 23289 | Lair:6   | Reached skill level 16 in Axes
 23293 | Lair:6   | Received a gift from Okawaru
 23310 | Lair:6   | Got a sapphire halberd {god gift}
 24125 | Orc:1    | Entered Level 1 of the Orcish Mines
 24436 | Orc:1    | Reached skill level 17 in Axes
 24663 | Orc:2    | Entered Level 2 of the Orcish Mines
 24736 | Orc:2    | Found a staircase to the Elven Halls.
 24832 | Orc:2    | Received a gift from Okawaru
 25372 | Orc:2    | Found Ymocsaon's Armour Boutique.
 25372 | Orc:2    | Found Joaboc's Gadget Emporium.
 25374 | Orc:2    | Found Ducid's Antique Armour Shoppe.
 25376 | Orc:2    | Found Gadghael's Antique Weapon Shop.
 25383 | Orc:2    | Bought a pair of embroidered gloves for 217 gold pieces
 25383 | Orc:2    | Bought a shiny plate armour for 754 gold pieces
 25519 | Orc:2    | Bought a crystal fustibalus for 500 gold pieces
 25519 | Orc:2    | Bought a runed battleaxe for 237 gold pieces
 25519 | Orc:2    | Identified the cursed +2 fustibalus "Killer Bee's Curse"
                  | {flame, rElec} (You bought it in a shop on level 2 of the
                  | Orcish Mines)
 26520 | D:13     | Reached skill level 18 in Axes
 26620 | D:13     | Found Cyununk's General Store.
 26628 | D:13     | Reached XP level 16. HP: 122/122 MP: 23/23
 26791 | D:13     | Noticed Sonja
 26803 | D:13     | Killed Sonja
 27180 | D:14     | Received a gift from Okawaru
 27185 | D:14     | Got an ancient shield {god gift}
 27199 | D:14     | Identified the +3 shield of Vlad {*Contam MR+++ rCorr
                  | Dex-4} (Okawaru gifted it to you on level 14 of the
                  | Dungeon)
 27227 | D:14     | Gained mutation: Your magical capacity is low. (-10% MP)
                  | [mutagenic glow]
 27351 | D:14     | Found Hoicwoh's Book Emporium.
 27456 | D:14     | Reached skill level 19 in Axes
 28070 | D:14     | Found a shimmering altar of Xom.
 28162 | D:14     | Found a gate to the Vaults.
 28361 | D:15     | Entered Level 15 of the Dungeon
 28792 | D:15     | Found a staircase to the Depths.
 28960 | D:15     | Received a gift from Okawaru
 28961 | D:15     | Got a tattered robe {god gift}
 29196 | D:15     | Reached skill level 5 in Crossbows
 29196 | D:15     | Reached XP level 17. HP: 127/127 MP: 22/22
 29197 | D:15     | Reached XP level 18. HP: 134/134 MP: 22/22
 29364 | Snake:1  | Entered Level 1 of the Snake Pit
 29814 | Snake:1  | Reached skill level 20 in Axes
 29833 | Snake:1  | Found a large runed translucent door.
 29834 | Snake:1  | Found a large runed translucent door.
 29836 | Snake:1  | Noticed HungrySpirit's ghost (journeyman TrMo)
 30221 | Snake:1  | Reached skill level 10 in Fighting
 30635 | Snake:2  | Reached XP level 19. HP: 131/140 MP: 14/23
 30654 | Snake:2  | Identified Roxanne's Disquisition on Transmutation
 30654 | Snake:2  | Noticed Roxanne
 30715 | Snake:2  | Killed Roxanne
 31209 | Snake:3  | Reached skill level 5 in Dodging
 31460 | Snake:3  | Reached skill level 10 in Armour
 31592 | Snake:3  | Noticed Louise
 31609 | Snake:3  | Killed Louise
 31663 | Snake:3  | Found a blossoming altar of Fedhas.
 31668 | Snake:3  | Noticed Vashnia
 31762 | Snake:3  | Killed Vashnia
 31762 | Snake:3  | Received a gift from Okawaru
 31812 | Snake:3  | Identified the +4 shield of Edasan {-Tele rF+++ rN++}
 31812 | Snake:3  | Noticed Asterion
 31843 | Snake:3  | Gained mutation: You are clumsy. (Dex -2) [a cacodemon]
 31889 | Snake:3  | Killed Asterion
 32310 | Snake:3  | Found Bakomeh's Jewellery Boutique.
 32310 | Snake:3  | Found Beoxuruc's Gadget Emporium.
 32311 | Snake:3  | Found Zeobleve's Gadget Emporium.
 32679 | Snake:4  | Entered Level 4 of the Snake Pit
 33065 | Snake:4  | Found a white marble altar of Elyvilon.
 33615 | Snake:4  | Received a gift from Okawaru
 33651 | Snake:4  | Found a burning altar of Makhleb.
 33733 | Snake:4  | Received a gift from Okawaru
 33964 | Snake:4  | Received a gift from Okawaru
 33975 | Snake:4  | Reached XP level 20. HP: 110/152 MP: 21/24
 34320 | Snake:4  | Received a gift from Okawaru
 34340 | Snake:4  | Identified a +2 pair of boots of running (Okawaru gifted it
                  | to you on level 4 of the Snake Pit)
 34832 | Snake:4  | Reached skill level 10 in Dodging
 35479 | Snake:4  | Got a serpentine rune of Zot
 35854 | Swamp:1  | Entered Level 1 of the Swamp
 36367 | Swamp:1  | Found a runed translucent door.
 36368 | Swamp:1  | Noticed KCGemini's ghost (journeyman FeBe)
 37047 | Swamp:1  | Received a gift from Okawaru
 37048 | Swamp:1  | Got a translucent executioner's axe {god gift}
 37049 | Swamp:1  | Identified the +9 executioner's axe of Abomination {freeze,
                  | rElec rPois rC+} (Okawaru gifted it to you on level 1 of
                  | the Swamp)
 37677 | Swamp:2  | Reached XP level 21. HP: 161/161 MP: 25/25
 38254 | Swamp:3  | Received a gift from Okawaru
 38510 | Swamp:3  | Received a gift from Okawaru
 38517 | Swamp:3  | Got a faintly glowing arbalest {god gift}
 38518 | Swamp:3  | Identified the +2 arbalest "Roofy" {elec, +Inv} (Okawaru
                  | gifted it to you on level 3 of the Swamp)
 38687 | Swamp:3  | Reached skill level 21 in Axes
 38973 | Swamp:4  | Entered Level 4 of the Swamp
 39084 | Swamp:4  | Noticed the 27-headed Lernaean hydra
 39109 | Swamp:4  | Killed the 26-headed Lernaean hydra
 39735 | Swamp:4  | Got a decaying rune of Zot
 40377 | Swamp:1  | Killed KCGemini's ghost
 40475 | Snake:1  | Killed HungrySpirit's ghost
 40666 | Vaults:1 | Entered Level 1 of the Vaults
 40685 | Vaults:1 | Reached skill level 22 in Axes
 40686 | Vaults:1 | Received a gift from Okawaru
 40967 | Vaults:1 | Received a gift from Okawaru
 40991 | Vaults:1 | Received a gift from Okawaru
 41020 | Vaults:1 | Reached XP level 22. HP: 162/168 MP: 26/26
 41499 | Vaults:1 | Reached skill level 23 in Axes
 41719 | Vaults:1 | Received a gift from Okawaru
 42933 | Vaults:2 | Found a staircase to the Crypt.
 43231 | Vaults:2 | Noticed Nikola
 43242 | Vaults:2 | Reached skill level 24 in Axes
 43257 | Vaults:2 | Killed Nikola
 43876 | Vaults:3 | Received a gift from Okawaru
 43911 | Vaults:3 | Received a gift from Okawaru
 44192 | Vaults:3 | Reached XP level 23. HP: 169/174 MP: 27/27
 44803 | Vaults:3 | Received a gift from Okawaru
 44944 | Vaults:3 | Reached skill level 25 in Axes
 45042 | Vaults:3 | Received a gift from Okawaru
 45318 | Vaults:3 | Found Gupixouq's Antique Weapon Shoppe.
 45624 | Vaults:4 | Received a gift from Okawaru
 46311 | Vaults:4 | Reached skill level 26 in Axes
 46398 | Vaults:4 | Found Gilecisch's Antique Weapon Boutique.
 46786 | Vaults:4 | Reached XP level 24. HP: 184/184 MP: 27/27
 46791 | Vaults:5 | Entered Level 5 of the Vaults
 46798 | Vaults:5 | Received a gift from Okawaru
 46798 | Vaults:5 | Received a gift from Okawaru
 46798 | Vaults:5 | Reached XP level 25. HP: 129/191 MP: 20/27
 46799 | Vaults:5 | Received a gift from Okawaru
 47000 | Vaults:5 | Noticed an ancient lich
 47014 | Vaults:5 | HP: 8/192 [deep elf death mage/exploding inner flame[the
                  | player character] (13)]
 47014 | Vaults:5 | HP: 1/192 [ettin/exploding inner flame[the player
                  | character] (7)]
 47014 | Vaults:5 | Killed from afar by a shadow dragon

Skill      XL: |  1  2  3  4  5  6  7  8  9 10 11 12 13 14 15 16 17 18 19 20 21 22 23 24 25 |
---------------+----------------------------------------------------------------------------+-----
Armour         | 1 2 3 4 5 6 8 9 11 12 13 | 13.3
Axes           | 5 6 8 9 10 12 14 15 18 19 20 22 24 26 | 26.0
Fighting       | 4 5 6 7 8 9 10 11 12 13 14 | 14.5
Invocations    | 6 7 10 | 10.0
Shields        | 2 9 11 14 15 | 15.0
Crossbows      | 5 7 9 |  9.1
Dodging        | 4 9 11 | 11.7
Stealth        | |  2.4

Action                   |  1- 3 |  4- 6 |  7- 9 | 10-12 | 13-15 | 16-18 | 19-21 | 22-24 | 25-27 || total
-------------------------+-------+-------+-------+-------+-------+-------+-------+-------+-------++-------
Melee: Hand axe          |   117 |   242 |       |       |       |       |       |       |       ||   359
       War axe           |       |    36 |   515 |   267 |       |       |       |       |       ||   818
       Battleaxe         |       |       |       |   484 |  1345 |   518 |   976 |       |       ||  3323
       Mace              |       |       |       |    38 |   101 |       |       |       |       ||   139
       Executioner's axe |       |       |       |       |       |       |   562 |   718 |    16 ||  1296
 Fire: Arbalest          |       |       |       |       |       |    19 |       |       |       ||    19
       Hand crossbow     |       |       |       |       |       |       |     7 |       |       ||     7
Invok: Heroism           |       |       |     4 |    19 |    17 |     2 |    17 |     4 |     1 ||    64
       Finesse           |       |       |       |     1 |     2 |     1 |     4 |     2 |       ||    10
 Abil: Dig               |     2 |     9 |    22 |    16 |    27 |     9 |    19 |       |       ||   104
       Shaft Self        |       |     1 |     2 |       |       |       |       |       |       ||     3
  Use: Scroll            |     5 |     2 |     5 |    12 |     5 |     2 |    10 |     6 |     1 ||    48
       Potion            |       |     3 |     2 |     2 |     2 |     3 |     3 |     1 |       ||    16
 Stab: Sleeping          |     5 |     2 |       |       |     3 |       |       |       |       ||    10
       Invisible         |       |       |       |     3 |       |       |       |       |       ||     3
       Confused          |       |       |       |       |       |       |     4 |       |       ||     4
       Distracted        |       |       |       |       |       |       |     1 |       |       ||     1
  Eat: Chunk             |       |    11 |    15 |    20 |    32 |    11 |    18 |    19 |       ||   126
       Ration            |       |     1 |     1 |     3 |     1 |     1 |     8 |       |       ||    15
Armor: Robe              |    18 |     7 |       |       |       |       |       |       |       ||    25
       Scale mail        |       |    91 |   122 |       |       |       |       |       |       ||   213
       Chain mail        |       |       |   145 |   114 |       |       |       |       |       ||   259
       Plate armour      |       |       |       |   243 |   293 |   136 |   442 |    33 |       ||  1147
       Leather armour    |       |       |       |       |    15 |       |       |       |       ||    15
       Ice dragon scales |       |       |       |       |       |       |       |   112 |    13 ||   125
Dodge: Dodged            |    90 |   165 |   251 |   253 |   220 |    81 |   416 |   189 |    17 ||  1682
Block: Buckler           |       |       |       |    61 |       |       |       |       |       ||    61
       Shield            |       |       |       |   144 |    76 |       |   902 |   539 |    35 ||  1696
       Large shield      |       |       |       |       |   998 |   491 |   163 |       |       ||  1652
       Reflection        |       |       |       |       |       |       |       |    67 |     1 ||    68

Levels and vault maps discovered:
D:1:      dpeg_arrival_prison, layout_loops_cross, nrook_mini_vaults
D:2:      layout_basic, zin_treasury, nicolae_overflow_hidden_temple,
          first_ration, minmay_tall_x, uniq_robin, uniq_sigmund,
          uniq_crazy_yiuf_cottage
D:3:      layout_loops_cross, serial_glass, glass_columns_b, glass_columns_b,
          nemelex_diamond_rough_becter
D:4:      layout_basic, cheibrodos_sewer_entry_bend
D:5:      layout_basic, grunt_gozag_breadcrumbs, nemelex_altar_shiori,
          nicolae_overflow_crystal_walls, kennysheep_mini_moat,
          minmay_temple_entry_proselytizer, gammafunk_ghost_split
D:6:      layout_basic, old_standard_altar, uniq_duvessa
D:7:      layout_gridville, basic_altar, lemuel_tele_altar, uniq_menkaure,
          uniq_prince_ribbit1
D:8:      layout_basic, st_stairs_3
D:9:      layout_irregular_city, blue_anna_alchemist [blue_anna_fruit_fields,
          blue_anna_fruit_fields]
D:10:     layout_loops_ring, serial_rivers, chequers_serial_rivers_micro_e,
          chequers_serial_rivers_micro_c, chequers_serial_rivers_marsh,
          chequers_serial_rivers_small_3, chequers_serial_rivers_small_b
D:11:     layout_cave_pods, david_lair_shrubbed, orc_david_3
D:12:     layout_long_grid, minmay_checkerbox
D:13:     layout_loops_ring, serial_shops, nicolae_shop_trees,
          minmay_crystal_room, uniq_sonja
D:14:     layout_roguey, erik_vaults_1, serial_shops, shop,
          kb_xom_exploding_sheep
D:15:     grunt_enter_depths_snipers, layout_long_grid
Temple:   minmay_temple_bridge_abc
Lair:1:   layout_cave_shapes, columned_hall_lemuel
Lair:2:   layout_loops_ring, minivault_27, grunt_megastairs_5
Lair:3:   layout_chaotic_city, portal_ice_cave_entry_ice_beasts,
          gammafunk_ghost_grave
Lair:4:   layout_regular_city, minmay_swamp_entry_reptiles,
          minmay_snake_entry_guardpost_small, serial_bayou_shore_b
Lair:5:   layout_small_grid, minmay_slime_entry_pillars, uniq_rupert
Lair:6:   guppyfry_lair_end_dragon, layout_cave_pods, wormcave
Swamp:1:  layout_falls_marsh, ebering_ghost_inner_flame,
          nicolae_swamp_fairy_circle, swamp_pool5
Swamp:2:  layout_basic_swamp, evilmike_swamp_ruin_rubble_1, swamp_pool1
Swamp:3:  layout_basic_swamp, evilmike_swamp_ruin_rubble_2
Swamp:4:  swamp_alternative, layout_basic_swamp, swamp_pool3,
          grunt_lady_of_the_lake
Snake:1:  layout_cave_pods, ebering_ghost_disaster_area
Snake:2:  layout_rooms, st_stairs_7, uniq_roxanne
Snake:3:  layout_concentric_octagons, basic_altar, lemuel_fruit_tree,
          minmay_shop_grove, uniq_louise, uniq_asterion, uniq_vashnia
Snake:4:  johnstein_snake_rune_scales, layout_basic, serial_curves,
          eino_curves_04, eino_curves_02, hangedman_feature_mirror, drop_trap,
          grunt_megastairs_3
Orc:1:    layout_caves, mines5_lemuel
Orc:2:    st_orc_rangers, layout_diamond_mine
Vaults:1: nicolae_vaults_little_squares_4, nicolae_vaults_arrows,
          ontoclasm_vaults_claustrophobia, nicolae_vaults_little_squares_2,
          vaults_room_grunt_arrival_ludios, v_misc_12, v_pattern_3,
          vaults_room_large_hall, nicolae_vaults_little_squares_2,
          hangedman_vaults_impose, grunt_vaults_hallway_long,
          ontoclasm_vaults_ligature, grunt_vaults_focal, v_misc_26,
          hangedman_vaults_nodes, layout_vaults_omnibox
Vaults:2: nicolae_vaults_ninety_degrees, nicolae_vaults_three_branches,
          hangedman_vaults_slice, nicolae_vaults_mini_display_case,
          vaults_mumra_hex, vaults_room_pool, vaults_dpeg_cross,
          vaults_room_hallway, v_alt_pattern_6, nicolae_vaults_little_squares_6,
          vaults_mumra_lcd, layout_vaults_omnigrid, uniq_nikola
Vaults:3: v_misc_23, v_misc_12, nicolae_vaults_sealed_display, v_misc_33,
          st_check, v_misc_14, ontoclasm_vaults_decontamination, v_misc_8,
          nicolae_vaults_angled_halls, vaults_dpeg_hooks, hangedman_vaults_maws,
          vaults_room_grid, ontoclasm_vaults_twist, ontoclasm_vaults_eye,
          serial_ice_b, nicolae_vaults_little_ls, vaults_dpeg_diagonal,
          ontoclasm_vaults_shuriken, layout_vaults_ring, serial_shops, shop
Vaults:4: nicolae_vaults_little_squares_6, v_misc_14, nicolae_vaults_rhombus_7,
          vaults_room_grunt_arrival_checkpoint, serial_ice_b, v_misc_9,
          nicolae_vaults_diagonal_hallway_7, hangedman_vaults_restitches,
          ontoclasm_vaults_tryst, v_rooms_3, v_misc_29,
          nicolae_vaults_little_squares_2, hangedman_vaults_slice,
          hangedman_vaults_impose, layout_vaults_maze, serial_shops, shop
Vaults:5: serial_shops
IceCv:    ice_cave_tombish
